cohdb
Replays
Latest Replays
All Replays
Popular Replays
Top Player Replays
Match Explorer
How It Works
Community
CoH3 Stats
Reddit
Sign in to upload your games and track your stats! →
Sign in with Steam
Match 25129846
Unlisted
Match 25129846
Overview
Messages
Build Orders
End
Selects Special Operations Battlegroup
Selects M29 Weasel Recon Vehicle
M29 Weasel Recon Vehicle
Construct Weapon Support Center
Bazooka Squad
Sniper
Engineer Squad
Construct Medical Station
Infantry Support Center
Selects Raiding Flares
M3 Armored Personnel Carrier
M3 Armored Personnel Carrier
Selects SSF Commando Squad
SSF Commando Squad
Construct Tank Depot
SSF Commando Squad
Si2slow
Jonatanga
Eber
thegoober86
montheponies
SSR
0
0
Comments
sign in to comment!
No comments posted yet!